 Dungeon Crawl Stone Soup version 0.31-a0-180-g519b7de00c (webtiles) character file.

Game seed: 10869031721895932228

53 Moral the Grave Robber (level 3, 0/28 HPs)
             Began as a Naga Necromancer on June 20, 2023.
             Killed from afar by Natasha (6 damage)
             ... with a magic dart
             ... on level 2 of the Dungeon.
             The game lasted 00:02:29 (1618 turns).

Moral the Grave Robber (Naga Necromancer)           Turns: 1618, Time: 00:02:29

Health: 0/28       AC:  2    Str: 10    XL:     3   Next: 89%
Magic:  1/7        EV: 10    Int: 17    God:
Gold:   48         SH:  0    Dex: 11    Spells: 6/7 levels left

rFire   . . .        (no weapon)
rCold   . . .        (no shield)
rNeg    . . .        g - +0 robe
rPois   +            (no helmet)
rElec   .            (no cloak)
rCorr   .            (no gloves)
SInv    +            (no barding)
Will    .....        (no amulet)
Stlth   ++           (no ring)
HPRegen 0.24/turn    (no ring)
MPRegen 0.10/turn

%: no passive effects
@: very slightly contaminated, very slow
A: AC +1, large, see invisible, deformed body, poison resistance, slowness 2,
spit poison 1, naga tail 1
a: Spit Poison


You were on level 2 of the Dungeon.
You visited 1 branch of the dungeon, and saw 2 of its levels.

You collected 48 gold pieces.

Inventory:

Armour
 g - a +0 robe (worn)
Scrolls
 f - a scroll of immolation
Potions
 a - a potion of brilliance {unknown}
 b - a potion of magic
 d - a potion of curing {unknown}


   Skills:
 + Level 1.9 Dodging
 + Level 3.8 Stealth
 * Level 2.7 Spellcasting
 * Level 4.5 Necromancy


You had 6 spell levels left.
You knew the following spells:

 Your Spells              Type           Power      Damage    Failure   Level
a - Necrotise             Necr           68%        1d7       2%          1

Your spell library contained the following spells:

 Spells                   Type           Power      Damage    Failure   Level
 Vampiric Draining        Necr           17%        2d7       9%          3
 Shock                    Conj/Air       8%         1d3       19%         1
 Animate Dead             Necr           17%        N/A       28%         4
 Swiftness                Air            2%         N/A       47%         3
 Agony                    Necr           17%        N/A       61%         5
 Airstrike                Air            1%         2d(1-17)  87%         4


Dungeon Overview and Level Annotations

Branches:
Dungeon (2/15)

Altars:
Qazlal

Annotations:
D:2 Natasha


Innate Abilities, Weirdness & Mutations

Your serpentine skin is tough. (AC +1)
You have supernaturally acute eyesight. (SInv)
Armour fits poorly on your strangely shaped body.
Your system is resistant to poisons. (rPois)
You cover ground very slowly.
You can spit poison.
You have a snake-like lower body.


Message History

Natasha, Servant of Life and Death comes into view.
The adder hisses angrily.
Natasha hisses angrily.
The adder writhes in agony.
Natasha casts a spell at you. You resist with some effort.
The adder barely resists.
Natasha casts a spell.
The adder closely misses you.
You miscast Necrotise.
You are very lightly contaminated with residual magic.
Nothing appears to happen.
The adder bites you.
The adder barely resists.
The adder closely misses you.
The cerulean imp hits you from afar with a +1 spear.
The adder barely resists.
The adder bites you. Natasha claws you. The cerulean imp misses you.
The adder writhes in agony.
The adder bites you.
Natasha growls.
Natasha claws you.
The cerulean imp hits you from afar with a +1 spear.
The adder barely misses you.
You are too injured to fight recklessly!
As you read the scroll labelled QUDWAW FEK, it dissolves into smoke.
It was a scroll of fog.
The adder bites you but does no damage. Natasha closely misses you.
The cerulean imp hits you but does no damage.
Unknown command.
As you read the scroll labelled OTHE WIKKEOPN, it crumbles to dust.
It is a scroll of identify.
f - a scroll of immolation The adder bites you.
Natasha closely misses you.
The cerulean imp hits you from afar with a +1 spear.
* * * LOW HITPOINT WARNING * * *
As you read the scroll labelled AROFEG PETE, it crumbles to dust.
It is a scroll of amnesia.
Really abort (and waste the scroll)?
Okay, then.
The adder bites you but does no damage.
Natasha stares at you and mumbles some strange words.
The magic dart hits you.
You die...

.....##.# #.......
#........# #.....##
##........#
........ .........
###..... #.......
......#.
####........#..
###...# .....§§§5
..#.. ......#
.....§hS# #.#.#
###.#. #@# #.#.#
#§###.#.#
#§§##...####
#.......##.# #####
#..#.#..##.#
....##.
#.......##.#
......#
......#.#.....#####
...<..#
####......###.....#
. ......#
....###.##
#.....#..


You could see Natasha, a cerulean imp (summoned) and an adder.

Vanquished Creatures
  An adder (D:2)
  3 dart slugs
  2 ball pythons (D:1)
  2 endoplasms (D:1)
  2 giant cockroaches (D:1)
  4 goblins
  4 hobgoblins (D:1)
  A kobold (D:1)
  4 quokkas
  5 bats
  A frilled lizard (D:1)
  3 rats
32 creatures vanquished.

Vanquished Creatures (collateral kills)
  3 endoplasms
  A ball python (D:1)
4 creatures vanquished.

Grand Total: 36 creatures vanquished

Notes
Turn   | Place    | Note
-------+----------+-------------------------------------------
     0 | D:1      | Moral the Naga Necromancer began the quest for the Orb.
     0 | D:1      | Reached XP level 1. HP: 15/15 MP: 3/3
   217 | D:1      | Reached XP level 2. HP: 20/22 MP: 1/5
   745 | D:1      | Reached XP level 3. HP: 28/28 MP: 2/6
  1475 | D:2      | Found a faded altar of an unknown god.
  1484 | D:2      | Found a stormy altar of Qazlal.
  1609 | D:2      | Noticed Natasha
  1618 | D:2      | Killed from afar by Natasha

Illustrated notes

Levels and vault maps discovered:
D:1:      ncdulo_watergridlock, layout_loops_ring
D:2:      layout_basic, shapermc_ecumenical_altar_acropolis, serial_glass,
          glass_columns_a, glass_columns_a, basic_altar, nicolae_the_louvre,
          uniq_natasha

Action                     || total
---------------------------++-------
  Melee: Unarmed           ||    14
   Cast: Necrotise         ||    67
Ability: Spit Poison       ||     3
    Use: Scroll            ||     3
 Armour: Robe              ||    18
  Dodge: Dodged            ||    24

Table legend: (Time is in decaauts)
 A = Elapsed time spent in this place.
 B = Non-inter-level travel time spent in this place.
 C = Inter-level travel time spent in this place.
 D = Time resting spent in this place.
 E = Time spent auto-exploring this place.
 F = Levels seen in this place.
 G = Mean time per level.
                   A        B        C        D        E       F      G
               +--------+--------+--------+--------+--------+-----+--------+
         Total |   1941 |   1825 |    116 |     65 |   1504 |   2 |  970.5 |
       Dungeon |   1941 |   1825 |    116 |     65 |   1504 |   2 |  970.5 |
               +--------+--------+--------+--------+--------+-----+--------+

Top non-repeatable levels by time:
     D:1: 1539 daAuts
     D:2: 401 daAuts
